AoeStats
← 海峡

Four Lakes

507459550Analyzed
1v1 RM · 15d ago on Sep 18, 2026· 28m 18s· 2 players
Game mode
Random Map
Map size
Tiny (2 player)
Population
200
Speed
Normal
Resources
Standard
Victory
Conquest
Starting age
Dark Age
Ending age
Imperial Age
RankedLock teamsTeams togetherTeam positionsShared explorationLock speedFull tech treeHidden civsTurbo modeCheats
Victory
Defeat
🇨🇳 Inca · China
1652
+17
🇪🇸 Japanese · Spain
1676
-17
海峡
9:25 Loom
12:08 Feudal Age
15:52 Castle Age
13:50 Double-Bit Axe
14:42 Scale Mail Armor
15:15 Forging
15:35 Champi Runner
16:49 Chain Mail Armor
17:10 Iron Casting
16:48 Bow Saw
16:55 Gold Mining
16:56 Champi Warrior
21:10 Squires
22:37 Wheelbarrow
22:36 Fishing Lines
22:24 Pikeman
25:05 Iron Casting
24:42 Gillnets
24:49 Gillnets
24:57 Arson
Edutosu
6:28 Loom
9:35 Feudal Age
10:04 Double-Bit Axe
16:18 Castle Age
14:58 Fletching
16:40 Padded Archer Armor
17:19 Bow Saw
22:02 Medium Warships
23:56 Scale Barding Armor
25:41 Forging
26:14 Chain Barding Armor
26:24 Husbandry
27:41 Bloodlines
28:13 Iron Casting
Connection lost

Rejoining the realm…

Still unreachable

The connection could not be restored.

Session expired

The server has moved on; the page needs a fresh start.